 Dungeon Crawl Stone Soup version 0.32-a0-38-gb04dd89b9b (webtiles) character file.

Game seed: 6207558262078953756

1834 Newt the Changeling (level 9, -4/52 HPs)
             Began as an Octopode Shapeshifter on Jan 24, 2024.
             Was a Follower of Hepliaklqana.
             Slain by an orc warrior
             ... wielding a +0 glaive
              (20 damage)
             ... in a bailey.
             The game lasted 00:06:35 (3866 turns).

Newt the Changeling (Octopode Shapeshifter)         Turns: 3866, Time: 00:06:35

Health: -4/52      AC:  1    Str: 20    XL:     9   Next: 11%
Magic:  9/9        EV: 20    Int: 12    God:    Hepliaklqana [*.....]
Gold:   274        SH:  0    Dex: 11    Spells: 8/8 levels left

rFire   + +          .
                       - Unarmed
rCold   + . .        (no shield)
rNeg    . . .        (helmet currently unavailable)
rPois   +            i - amulet of regeneration
rElec   .            h - ring of protection from cold
rCorr   .            m - +5 ring of evasion
SInv    .            g - ring "Koethref" {rPois rF+ Str+2}
Will    .....        f - ring of protection from fire
Stlth   +++          (no ring)
HPRegen 1.08/turn    (no ring)
MPRegen 0.11/turn    (no ring)
                     (no ring)

%: no passive effects
@: beast-form
A: beast (slay +4), reduced essence, almost no armour, amphibious, 8 rings,
camouflage 1, gelatinous body 1, (nimble swimmer 1), tentacles
a: Begin Untransformation, Renounce Religion, Recall Ancestor, Ancestor Identity


You were in a bailey.
You worshipped Hepliaklqana.
Hepliaklqana was aware of your devotion.
You were a hulking beast.
You visited 1 branch of the dungeon, and saw 6 of its levels.
You also visited: Bailey.

You collected 302 gold pieces.
You spent 28 gold pieces at shops.

Inventory:

Jewellery
 f - a ring of protection from fire (on tentacle)
 g - the ring "Koethref" (on tentacle) {rPois rF+ Str+2}
   (You found it on level 3 of the Dungeon)

   [ring of poison resistance]

   Str+2:     It affects your strength (+2).
   rF+:       It protects you from fire.
   rPois:     It protects you from poison
 h - a ring of protection from cold (left tentacle)
 i - an amulet of regeneration (around mantle)
 m - a +5 ring of evasion (right tentacle)
Talismans
 b - a beast talisman (active)
 c - a flux talisman
Wands
 n - a wand of paralysis (14)
Scrolls
 e - a scroll of enchant armour
 s - a scroll of enchant weapon {unknown}
Potions
 a - a potion of lignification
 d - 2 potions of berserk rage
 j - 2 potions of degeneration
 k - 2 potions of attraction
 l - a potion of mutation {unknown}
 p - 2 potions of cancellation {unknown}
 q - a potion of enlightenment {unknown}
 r - a potion of might {unknown}


   Skills:
 + Level 4.1 Fighting
 - Level 6.0 Dodging
 - Level 4.0 Stealth
 - Level 6.0 Unarmed Combat
 - Level 7.0 Shapeshifting


You had 8 spell levels left.
You didn't know any spells.
Your spell library contained the following spells:

 Spells                   Type           Power      Damage    Failure   Level
 Slow                     Hex            0%         N/A       32%         1
 Blink                    Tloc           0%         N/A       45%         2
 Ensorcelled Hibernation  Hex/Ice        0%         N/A       45%         2
 Lesser Beckoning         Tloc           0%         N/A       45%         2
 Momentum Strike          Conj/Tloc      0%         3d8       45%         2
 Confusing Touch          Hex            0%         N/A       69%         3
 Hailstorm                Conj/Ice       0%         3d5       69%         3
 Passwall                 Erth           0%         N/A       69%         3
 Sigil of Binding         Hex            0%         N/A       69%         3
 Summon Ice Beast         Ice/Summ       0%         N/A       69%         3
 Swiftness                Air            0%         N/A       69%         3
 Vampiric Draining        Necr           0%         2d6       69%         3
 Sculpt Simulacrum        Ice/Alch       0%         N/A       100%        6


Dungeon Overview and Level Annotations

Branches:
Dungeon (7/15)             Temple (0/1) D:4          Bailey (1/1)

Altars:
Fedhas
Hepliaklqana
Nemelex Xobeh
Xom
Yredelemnul

Shops:
D:2 [=!*


Innate Abilities, Weirdness & Mutations

You are a hulking beast.
Your limbs bulge with bestial killing power. (Slay +4)
Your life essence is reduced to manifest your ancestor. (-10% HP)
You cannot wear most types of armour.
You are amphibious.
You can wear up to eight rings at the same time.
Your skin changes colour to match your surroundings (Stealth+).
Your rubbery body absorbs attacks. (AC +1, EV +1)
((You are camouflaged when in or above water. (Stealth+)))
You have tentacles for arms and can constrict up to eight enemies at once.


Message History

The orc misses you. The orc completely misses you. The orc warrior misses you.
You tentacle-slap the orc. Your grab misses the orc. You squeeze the orc.
You kill the orc!
The orc misses you.
The orc warrior hits you from afar with a +0 glaive.
The orc warrior barely misses you.
You closely miss the orc. You grab the orc. You squeeze the orc!
You kill the orc!
The orc completely misses you.
The orc warrior completely misses you. x2
You tentacle-slap the orc. You grab the orc.
The orc is moderately wounded.
You constrict the orc. The orc completely misses you.
The orc hits Huemac but does no damage.
The orc warrior hits you from afar with a +0 glaive!!
The orc warrior hits you from afar with a +0 spear.
The orc warrior closely misses you.
Huemac hits the orc.
You are too injured to fight recklessly!
You release your grip on the orc.
The orc warrior attacks as it pursues you!
The orc warrior misses you.
The orc warrior attacks as it pursues you!
The orc warrior closely misses you.
Huemac completely misses the orc warrior.
The orc warrior barely misses Huemac.
Huemac hits the orc warrior but does no damage.
Unknown command.
The orc warrior hits you from afar with a +0 glaive!
* * * LOW HITPOINT WARNING * * *
The orc barely misses Huemac.
Huemac closely misses the orc warrior.
Unknown command.
You bludgeon the orc warrior! You grab the orc warrior.
You tentacle-slap the orc warrior, but do no damage.
You squeeze the orc warrior!
The orc warrior is severely wounded.
You constrict the orc warrior.
The orc warrior struggles to escape constriction.
The orc misses Huemac.
The orc warrior hits you from afar with a +0 glaive!!
You die...

##.....##
###'###
#...#
#...#
#...#
#...#
###'###
##.....##
#..h....#
#Ro#8#..#
#oo#o#..#
#.o.....#
#.......#
##.....##
##+++##


You could see the friendly Huemac the ancestor, 3 orc warriors and 2 orcs.

Vanquished Creatures
  2 water moccasins (D:5)
  A black bear (D:4)
  A phantom (D:4)
  A kobold brigand (D:4)
  A scorpion (D:4)
  A gnoll sergeant (D:7)
  2 howler monkeys (D:4)
  2 jellies (D:3)
  3 hounds
  A gnoll bouda (D:4)
  An orc priest (D:5)
  Ijyb (D:3)
  2 iguanas (D:5)
  9 hell rats (D:5)
  14 gnolls
  17 river rats (D:5)
  7 adders
  3 white imps
  A ribbon worm (D:3)
  2 dart slugs (D:4)
  13 orcs
  4 ball pythons
  7 endoplasms
  3 giant cockroaches
  9 goblins
  4 hobgoblins
  8 jackals (D:4)
  8 kobolds
  A quokka (D:1)
  3 bats
  A frilled lizard (D:3)
  3 rats
136 creatures vanquished.

Vanquished Creatures (collateral kills)
  An ogre (D:7)
  A phantom (D:7)
  A hound (D:5)
  An orc wizard (D:7)
  3 orcs
7 creatures vanquished.

Vanquished Creatures (others)
  An ancestor (D:5)
1 creature vanquished.

Grand Total: 144 creatures vanquished

Notes
Turn   | Place    | Note
-------+----------+-------------------------------------------
     0 | D:1      | Newt the Octopode Shapeshifter began the quest for the Orb.
     0 | D:1      | Reached XP level 1. HP: 13/13 MP: 1/1
   429 | D:1      | Reached XP level 2. HP: 18/18 MP: 2/2
   735 | D:2      | Found Githeed's Assorted Antiques.
   739 | D:2      | Reached XP level 3. HP: 22/26 MP: 3/3
   746 | D:2      | Bought a scroll labelled APA PONACAIH for 28 gold pieces
   772 | D:2      | Found a shimmering altar of Xom.
   864 | D:2      | Found Hyce's Jewellery Shoppe.
   936 | D:2      | Found Gouv's Armour Shop.
  1018 | D:2      | Found Faysoiggit's Distillery.
  1215 | D:3      | Reached XP level 4. HP: 29/31 MP: 4/4
  1220 | D:3      | Identified the ring "Koethref" {rPois rF+ Str+2}
  1433 | D:3      | Noticed Ijyb
  1443 | D:3      | Killed Ijyb
  1444 | D:3      | Reached skill level 4 in Shapeshifting
  1862 | D:3      | Reached XP level 5. HP: 27/36 MP: 5/5
  1894 | D:3      | Found a sparkling altar of Nemelex Xobeh.
  1894 | D:3      | Found a blossoming altar of Fedhas.
  1894 | D:3      | Found a basalt altar of Yredelemnul.
  1894 | D:3      | Found a hazy altar of Hepliaklqana.
  1894 | D:3      | Found a shimmering altar of Xom.
  1894 | D:3      | Found a basalt altar of Yredelemnul.
  1922 | D:3      | Reached skill level 5 in Shapeshifting
  1938 | D:3      | Became a worshipper of Hepliaklqana the Forgotten
  2065 | D:3      | Found a faded altar of an unknown god.
  2270 | D:4      | Reached XP level 6. HP: 42/42 MP: 6/6
  2370 | D:4      | Found a staircase to the Ecumenical Temple.
  2382 | D:4      | Reached skill level 6 in Shapeshifting
  2469 | D:4      | Reached XP level 7. HP: 42/46 MP: 7/7
  2654 | D:4      | Reached * piety under Hepliaklqana
  2711 | D:4      | Reached skill level 7 in Shapeshifting
  2819 | D:5      | Entered Level 5 of the Dungeon
  2881 | D:4      | Reached skill level 5 in Unarmed Combat
  2881 | D:4      | Reached XP level 8. HP: 7/46 MP: 8/8
  3301 | D:5      | Reached skill level 5 in Dodging
  3432 | D:5      | Found the +2 ratskin cloak {*Rats rPois rN+ Str-1 Int-1
                  | Dex+1}
  3597 | D:5      | You fall into a shaft and drop 2 floors!
  3609 | D:7      | Reached skill level 1 in Stealth
  3619 | D:7      | Reached XP level 9. HP: 44/50 MP: 9/9
  3658 | D:7      | Found a flagged portal.
  3702 | Bailey   | Entered a bailey
  3866 | Bailey   | Slain by an orc warrior

Illustrated notes

Levels and vault maps discovered:
D:1:      saegor_arrival_miasma, layout_basic
D:2:      layout_basic, basic_altar, serial_shops, nicolae_square_shop, shop,
          shop, shop
D:3:      cheibrodos_fertilizer, layout_loops_corners,
          chequers_ecumenical_altar_twisty, corexii_shack, uniq_ijyb
D:4:      layout_loops_cross, minmay_temple_entry_statues_pillars
D:5:      wander_guarded_unrand_ratskin, layout_basic, lemuel_round_altar
D:7:      layout_basic, enter_bailey_2, hangedman_abyss_or_decor_passed,
          uniq_crazy_yiuf_cottage
Bailey:   bailey_polearm_5, bailey

Skill      XL: |  1  2  3  4  5  6  7  8  9 |
---------------+----------------------------+-----
Fighting       | 2 3 4 |  4.1
Shapeshifting  | 4 5 6 7 |  7.0
Unarmed Combat | 5 6 |  6.0
Dodging        | 6 |  6.0
Stealth        | 3 4 |  4.0

Action                     |  1- 3 |  4- 6 |  7- 9 || total
---------------------------+-------+-------+-------++-------
  Melee: Unarmed           |    41 |   105 |   178 ||   324
         Constrict         |    12 |    22 |    58 ||    92
         Tentacles         |     7 |    22 |    45 ||    74
         Punch             |     3 |     4 |     8 ||    15
 Invoke: Recall Ancestor   |       |       |     1 ||     1
  Evoke: Wand              |       |       |     1 ||     1
    Use: Scroll            |     7 |     2 |     2 ||    11
   Stab: Sleeping          |     5 |     3 |     4 ||    12
         Distracted        |       |       |     2 ||     2
         Paralysed         |       |       |     1 ||     1
 Armour: Skin              |    15 |    28 |    62 ||   105
  Dodge: Dodged            |    21 |    78 |   168 ||   267
   Form: Beast             |     1 |       |       ||     1

Table legend: (Time is in decaauts)
 A = Elapsed time spent in this place.
 B = Non-inter-level travel time spent in this place.
 C = Inter-level travel time spent in this place.
 D = Time resting spent in this place.
 E = Time spent auto-exploring this place.
 F = Levels seen in this place.
 G = Mean time per level.
                   A        B        C        D        E       F      G
               +--------+--------+--------+--------+--------+-----+--------+
         Total |   3838 |   3732 |    106 |    413 |   2485 |   7 |  548.3 |
       Dungeon |   3676 |   3570 |    106 |    300 |   2481 |   6 |  612.7 |
        Bailey |    162 |    162 |      0 |    113 |      4 |   1 |  162.0 |
               +--------+--------+--------+--------+--------+-----+--------+

Top non-repeatable levels by time:
     D:3: 1007 daAuts
     D:4: 778 daAuts
     D:1: 688 daAuts
     D:5: 601 daAuts
     D:2: 497 daAuts
  Bailey: 162 daAuts
     D:7: 102 daAuts
